 Dungeon Crawl Stone Soup version 0.30.1-3-gfc49f6343a (webtiles) character file.

Game seed: 18296554573421246449

438 shmup the Firebug (level 7, 0/36 HPs)
             Began as a Tengu Fire Elementalist on July 20, 2023.
             Slain by a kobold
             ... wielding a +2 dagger of electrocution
              (12 damage)
             ... in a sewer.
             The game lasted 00:07:23 (3191 turns).

shmup the Firebug (Tengu Fire Elementalist)         Turns: 3191, Time: 00:07:24

Health: 0/36       AC:  3    Str:  8    XL:     7   Next: 1%
Magic:  0/11       EV: 14    Int: 18    God:
Gold:   132        SH:  0    Dex: 14    Spells: 5/10 levels left

rFire   . . .        i - +0 dagger (venom)
rCold   . . .        (no shield)
rNeg    . . .        a - +1 robe
rPois   .            (helmet restricted)
rElec   .            (no cloak)
rCorr   .            (no gloves)
SInv    .            (boots unavailable)
Will    .....        (no amulet)
Stlth   ++           (no ring)
HPRegen 0.26/turn    (no ring)
MPRegen 0.12/turn

%: no passive effects
@: flying quickly and evasively, quick
A: beak, talons 3, nimble flight
a: no special abilities


You were in a sewer.
You visited 1 branch of the dungeon, and saw 3 of its levels.
You also visited: Sewer.

You collected 132 gold pieces.

Inventory:

Hand Weapons
 i - a +0 dagger of venom (weapon)
 r - a +1 dagger of holy wrath
Missiles
 e - 6 stones (quivered)
Armour
 a - a +1 robe (worn)
 m - the +0 kite shield of the Wheelwright {rElec Str+2 Stlth-}
   (You found it on level 2 of the Dungeon)

   Str:       It affects your strength (+2).
   rElec:     It insulates you from electricity.
   Stlth:     It makes you less stealthy.
Jewellery
 v - a +4 ring of protection
Wands
 w - a wand of paralysis (8)
Scrolls
 c - 2 scrolls of enchant armour
 d - a scroll of vulnerability {unknown}
 h - a scroll of poison {unknown}
 j - 2 scrolls of noise {unknown}
 k - 2 scrolls of teleportation {unknown}
 l - a scroll of magic mapping
 o - a scroll of summoning {unknown}
 p - a scroll of blinking {unknown}
 t - a scroll of torment {unknown}
 x - a scroll of identify
Potions
 b - 2 potions of magic
 f - a potion of haste
 g - a potion of invisibility
 n - 2 potions of flight
 q - a potion of curing
 s - a potion of heal wounds {unknown}
 u - a potion of attraction {unknown}


   Skills:
 - Level 2.1 Dodging
 - Level 2.0 Stealth
 - Level 2.0 Spellcasting
 + Level 5.3 Conjurations
 * Level 7.1 Fire Magic


You had 5 spell levels left.
You knew the following spells:

 Your Spells              Type           Power      Damage    Failure   Level
a - Foxfire               Conj/Fire      96%        2x1d8     1%          1
b - Scorch                Fire           54%        2d7       1%          2
r - Searing Ray           Conj           40%        2d5       3%          2

Your spell library contained the following spells:

 Spells                   Type           Power      Damage    Failure   Level
 Magic Dart               Conj           80%        1d7       1%          1
 Inner Flame              Hex/Fire       14%        N/A       13%         3
 Volatile Blastmotes      Fire/Tloc      28%        2d12      13%         3
 Flame Wave               Conj/Fire      24%        2d8       14%         4
 Sticky Flame             Conj/Fire      24%        2d5       14%         4
 Fulminant Prism          Conj/Hex       5%         3d7       52%         4


Dungeon Overview and Level Annotations

Branches:
Dungeon (3/15)              Sewer (1/1)

Altars:
Gozag

Shops:
D:2 [


Innate Abilities, Weirdness & Mutations

You have a beak for a mouth.
You have claws for feet.
Your magical nature lets you fly swiftly and evasively.


Message History

The kobold brigand barely misses you.
You hit the kobold brigand but do no damage.
The kobold brigand is poisoned.
The kobold brigand is heavily wounded.
The kobold brigand barely misses you.
Casting: Foxfire (safe; 1% risk of failure)
Confirm with . or Enter, or press ? or * to list all spells.
You don't have enough magic to cast this spell.
The kobold brigand barely misses you.
You hit the kobold brigand. You claw the kobold brigand.
You peck the kobold brigand.
The kobold brigand is almost dead.
The kobold brigand closely misses you.
Casting: Foxfire (safe; 1% risk of failure)
Confirm with . or Enter, or press ? or * to list all spells.
Okay, then.
You closely miss the kobold brigand. Your kick misses the kobold brigand.
The kobold brigand is almost dead.
The kobold throws a stone.
The stone barely misses you.
The kobold brigand hits you with a +0 dagger.
* * * LOW HITPOINT WARNING * * *
You hit the kobold brigand.
The kobold brigand looks as sick as possible!
You claw the kobold brigand.
You kill the kobold brigand!
Your Fire Magic skill increases to level 7!
You have reached level 7!
Casting: Foxfire (safe; 1% risk of failure)
Confirm with . or Enter, or press ? or * to list all spells.
You don't have enough magic to cast this spell.
Casting: Foxfire (safe; 1% risk of failure)
Confirm with . or Enter, or press ? or * to list all spells.
You conjure some foxfire!
The kobold hits you but does no damage.
The foxfire hits the kobold but does no damage.
The foxfire hits the kobold.
The kobold is severely wounded.
The kobold hits you with a +2 dagger of electrocution.
* * * LOW HITPOINT WARNING * * *
You are electrocuted!
You die...

~~~~~~.....▒▒
~▒~~~.....▒
▒P~P....▒▒
▒~......▒
▒~......▒
▒.......▒
▒~.~...▒▒
▒~~~##.▒
▒~~)Q▒▒▒
▒▒'K▒▒ ▒.).!
▒..!.▒ ▒.\..▒
▒...!▒ ▒▒▒▒▒▒


You could see a kobold.

Vanquished Creatures
  Sigmund (D:2)
  2 kobold brigands (Sewer)
  Natasha (twice) (D:2)
  3 adders
  3 dart slugs
  An orc (D:3)
  6 endoplasms
  9 giant cockroaches
  4 goblins
  5 hobgoblins
  11 kobolds
  5 ball pythons
  2 bats
  8 frilled lizards
  9 rats
71 creatures vanquished.

Vanquished Creatures (others)
  134 foxfires
134 creatures vanquished.

Grand Total: 205 creatures vanquished

Notes
Turn   | Place    | Note
-------+----------+-------------------------------------------
     0 | D:1      | shmup the Tengu Fire Elementalist began the quest for the
                  | Orb.
     0 | D:1      | Reached XP level 1. HP: 10/10 MP: 4/4
   430 | D:1      | Reached XP level 2. HP: 15/15 MP: 4/6
   816 | D:1      | Reached skill level 4 in Fire Magic
  1227 | D:2      | Reached XP level 3. HP: 19/19 MP: 3/7
  1292 | D:2      | Identified the +0 kite shield of the Wheelwright {rElec
                  | Str+2 Stlth-}
  1352 | D:2      | Noticed Sigmund
  1484 | D:2      | Found Diarar's Antique Armour Emporium.
  1676 | D:2      | Noticed Natasha
  1686 | D:2      | Killed Natasha
  1687 | D:2      | Reached XP level 4. HP: 14/24 MP: 5/8
  1730 | D:2      | Learned a level 2 spell: Scorch
  1927 | D:2      | Killed Sigmund
  1928 | D:2      | Reached skill level 6 in Fire Magic
  1928 | D:2      | Gained mutation: Your magical nature lets you fly swiftly
                  | and evasively. [Tengu growth]
  1928 | D:2      | Reached XP level 5. HP: 9/28 MP: 1/9
  1928 | D:2      | Reached XP level 6. HP: 11/32 MP: 1/10
  2179 | D:2      | Noticed Natasha
  2187 | D:2      | Killed Natasha
  2717 | D:3      | Found an opulent altar of Gozag.
  3066 | D:3      | Found a glowing drain.
  3073 | Sewer    | Entered a sewer
  3086 | Sewer    | Learned a level 2 spell: Searing Ray
  3179 | Sewer    | Reached skill level 5 in Conjurations
  3189 | Sewer    | Reached skill level 7 in Fire Magic
  3189 | Sewer    | Reached XP level 7. HP: 14/36 MP: 0/11
  3191 | Sewer    | Slain by a kobold

Illustrated notes

Levels and vault maps discovered:
D:1:      reono_arrival_forest_river, layout_basic, minmay_stone_trees_medium,
          minmay_tetromino_i2
D:2:      minmay_roachtagon, layout_loops_corners, serial_shops, shop,
          uniq_sigmund, uniq_natasha
D:3:      layout_basic, mainiacjoe_overflow_24_doors, portal_sewer_entry_e
Sewer:    kennysheep_pipe_town

Skill      XL: |  1  2  3  4  5  6 |
---------------+-------------------+-----
Conjurations   | 2 3 4 5 |  5.3
Fire Magic     | 4 6 7 |  7.1
Dodging        | |  2.1
Stealth        | |  2.0
Spellcasting   | |  2.0

Action                     |  1- 3 |  4- 6 |  7- 9 || total
---------------------------+-------+-------+-------++-------
  Melee: Unarmed           |     5 |       |       ||     5
         Kick              |     4 |     7 |       ||    11
         Peck              |     1 |     5 |       ||     6
         Dagger            |     3 |    27 |       ||    30
   Cast: Foxfire           |    41 |    39 |     1 ||    81
         Scorch            |       |    11 |       ||    11
    Use: Scroll            |       |     6 |       ||     6
   Stab: Sleeping          |       |     1 |       ||     1
 Armour: Robe              |     5 |    11 |     1 ||    17
  Dodge: Dodged            |    19 |    37 |       ||    56
